 Dungeon Crawl Stone Soup version 0.24.0-28-g17ded55e90 (webtiles) character file.

Game seed: 14261552542155375893, levelgen mode: deterministic

613 PentaManta the Covert (level 7, -5/45 HPs)
             Began as an Octopode Assassin on Nov 11, 2019.
             Was a Believer of Uskayaw.
             Killed by divine providence
             ... invoked by an orc priest
              (7 damage)
             ... on level 4 of the Dungeon.
             The game lasted 00:06:16 (3205 turns).

PentaManta the Covert (Octopode Assassin)           Turns: 3205, Time: 00:06:20

Health: -5/45      AC:  1    Str:  9 (10) XL:     7   Next: 44%
Magic:  7/7        EV: 15    Int: 10 (13) God:    Uskayaw [**....]
Gold:   139        SH:  0    Dex: 14 (16) Spells: 6/6 levels left

rFire    . . .     SeeInvis +   a - +2 dagger
rCold    . . .     Gourm    .   (no shield)
rNeg     . . .     Faith    .   (helmet restricted)
rPois    .         Spirit   .   (no amulet)
rElec    .         Reflect  .   q - ring of see invisible
rCorr    .         Harm     .   (no ring)
MR       .....                  (no ring)
Stlth    +++++.....             (no ring)
HPRegen  0.15/turn              (no ring)
MPRegen  0.10/turn              (no ring)
                                (no ring)
                                (no ring)

@: no status effects
A: almost no armour, stealthy swim, amphibious, 8 rings, constrict 8, camouflage
1, gelatinous body 1
a: Stomp, Line Pass, Renounce Religion


You were on level 4 of the Dungeon.
You worshipped Uskayaw.
Uskayaw was noncommittal.
You were not hungry.

You visited 1 branch of the dungeon, and saw 4 of its levels.

You collected 139 gold pieces.

Inventory:

Hand Weapons
 a - a +2 dagger (weapon)
Missiles
 b - 33 poisoned darts (quivered)
 c - 2 curare-tipped darts
Jewellery
 q - a ring of see invisible (left tentacle)
Wands
 n - a wand of paralysis (12)
 r - a wand of digging (5)
Scrolls
 e - 2 scrolls of remove curse {unknown}
 g - 8 scrolls of identify {unknown}
 i - a scroll of amnesia {unknown}
 o - 3 scrolls of enchant weapon {unknown}
 s - 2 scrolls of teleportation {unknown}
 t - a scroll of immolation {unknown}
Potions
 f - 3 potions of curing {unknown}
 h - a potion of flight
 j - 2 potions of degeneration
 k - a potion of might {unknown}
 l - a potion of cancellation {unknown}
 m - a potion of heal wounds {unknown}
 p - a potion of brilliance {unknown}
 u - a potion of haste {unknown}
Comestibles
 d - 7 rations


   Skills:
 - Level 2.0 Fighting
 + Level 4.8 Short Blades
 - Level 2.0 Throwing
 + Level 4.4 Dodging
 + Level 8.4 Stealth


You had 6 spell levels left.
You didn't know any spells.
Your spell library was empty.

Dungeon Overview and Level Annotations

Branches:
Dungeon (4/15)
 Temple: D:4-7

Altars:
Ashenzari
Fedhas
Uskayaw
Xom


Innate Abilities, Weirdness & Mutations

You cannot wear most types of armour.
You are very stealthy in the water. (Stealth+)
You are amphibious.
You can wear up to eight rings at the same time.
You can use your tentacles to constrict eight enemies at once.
Your skin changes colour to match your surroundings (Stealth+).
Your rubbery body absorbs attacks. (AC +1, EV +1)


Message History

You constrict the orc priest.
The orc priest hits you with a +0 morningstar!
* * * LOW HITPOINT WARNING * * *
You hit the orc priest.
The orc priest is heavily wounded.
You constrict the orc priest, but do no damage.
The giant cockroach barely misses you.
The orc priest hits you with a +0 morningstar!
* * * LOW HITPOINT WARNING * * *
You can now pass through a line of other dancers.
Okay, then.
Okay, then.
It was a potion of degeneration.
There was something very wrong with that liquid.
You feel weakened.
You feel dopey.
You feel clumsy.
You constrict the orc priest. The giant cockroach bites you.
* * * LOW HITPOINT WARNING * * *
The orc priest mumbles some strange prayers to Beogh against you.
Beogh smites you!
You die...

#....# #....#
#....####
#.......#
#######.##########
#...#.......
###.#..s.. #.#.o.
#@#†######
#oso......
###.###### .# .#
##


You could see 2 orc priests and a giant cockroach.

Vanquished Creatures
  Eustachio (D:4)
  An ogre (D:4)
  A howler monkey (D:4)
  A bullfrog zombie (D:4)
  2 iguanas (D:4)
  An orc wizard (D:4)
  A worker ant (D:4)
  Robin (D:2)
  6 adders
  An ooze (D:1)
  An adder skeleton (D:4)
  4 worms (D:3)
  3 dart slugs (D:1)
  3 leopard geckos
  18 orcs
  A ball python (D:1)
  8 bats
  6 giant cockroaches
  20 goblins
  8 hobgoblins
  3 quokkas (D:3)
  7 frilled lizards
  10 kobolds
  6 rats
  2 butterflies (D:4)
116 creatures vanquished.

Notes
Turn   | Place    | Note
-------+----------+-------------------------------------------
     0 | D:1      | PentaManta the Octopode Assassin began the quest for the
                  | Orb.
     0 | D:1      | Reached XP level 1. HP: 14/14 MP: 1/1
    33 | D:1      | Reached XP level 2. HP: 15/19 MP: 2/2
   414 | D:1      | Reached XP level 3. HP: 18/24 MP: 3/3
   493 | D:1      | Reached skill level 6 in Stealth
   748 | D:1      | Reached XP level 4. HP: 6/29 MP: 4/4
  1012 | D:2      | Found a faded altar of an unknown god.
  1077 | D:2      | Noticed Robin
  1107 | D:2      | Killed Robin
  1783 | D:3      | Noticed a +0 dagger
  1783 | D:3      | Noticed a +0 dagger
  1785 | D:3      | Found a hide-covered altar of Uskayaw.
  1791 | D:3      | Became a worshipper of Uskayaw the Reveler
  1900 | D:3      | Reached XP level 5. HP: 34/34 MP: 5/5
  1900 | D:3      | Reached * piety under Uskayaw
  1984 | D:3      | Reached ** piety under Uskayaw
  1989 | D:3      | Reached *** piety under Uskayaw
  2771 | D:4      | Noticed Eustachio
  2775 | D:4      | Killed Eustachio
  2775 | D:4      | Reached skill level 7 in Stealth
  2775 | D:4      | Reached XP level 6. HP: 39/39 MP: 6/6
  2791 | D:4      | Found a shimmering altar of Xom.
  2896 | D:4      | Found a shattered altar of Ashenzari.
  2908 | D:4      | Found a blossoming altar of Fedhas.
  2943 | D:4      | Reached XP level 7. HP: 45/45 MP: 7/7
  2977 | D:4      | Reached skill level 8 in Stealth
  2983 | D:4      | Reached **** piety under Uskayaw
  3205 | D:4      | HP: 2/45 [giant cockroach (1)]
  3205 | D:4      | Killed from afar by an orc priest

Levels and vault maps discovered:
D:1:      minmay_arrival_open_corners, layout_rooms
D:2:      layout_basic, chequers_ecumenical_altar_simple, uniq_robin
D:3:      minmay_chambers_of_twos, layout_loops_corners,
          dancing_weapons_uskayaw, first_ration
D:4:      layout_basic, xom_butterflies, kennysheep_mini, fedhas_altar_2,
          uniq_eustachio

Skill      XL: |  1  2  3  4  5  6  7 |
---------------+----------------------+-----
Stealth        | 6 7 8 |  8.4
Dodging        | 2 3 4 |  4.4
Short Blades   | 3 4 |  4.8
Fighting       | |  2.0
Throwing       | |  2.0

Action                   |  1- 3 |  4- 6 |  7- 9 || total
-------------------------+-------+-------+-------++-------
Melee: Dagger            |    73 |   113 |    49 ||   235
       Constrict         |     9 |    26 |    15 ||    50
       Tentacles         |     5 |    25 |    13 ||    43
Throw: Dart              |     2 |     6 |       ||     8
  Use: Potion            |     2 |       |     1 ||     3
 Stab: Sleeping          |     9 |    22 |       ||    31
       Paralysed         |       |       |     3 ||     3
  Eat: Chunk             |       |     6 |     1 ||     7
Armor: Skin              |    11 |     1 |     3 ||    15
Dodge: Dodged            |    50 |    49 |    27 ||   126
